 Dungeon Crawl Stone Soup version 0.18.1-48-g4cf74bf (webtiles) character file.

214 Inkary the Skirmisher (level 5, -6/47 HPs)
             Began as a Hill Orc Fighter on July 21, 2016.
             Killed from afar by ThereIsNoGod's ghost (12 damage)
             ... with a puff of frost
             ... on level 4 of the Dungeon.
             The game lasted 00:06:04 (3095 turns).

Inkary the Skirmisher (Hill Orc Fighter)            Turns: 3095, Time: 00:06:04

Health: -6/47      AC:  9    Str: 19    XL:     5   Next: 92%
Magic:  5/5        EV:  5    Int:  8    God:
Gold:   147        SH:  9    Dex: 11    Spells: 0 memorised, 4 levels left

rFire  . . .     SeeInvis .     a - +0 long sword
rCold  . . .     Gourm    .     p - +0 chain mail (curse)
rNeg   . . .     Faith    .     c - +0 shield
rPois  +         Spirit   .     (no helmet)
rElec  .         Dismiss  .     (no cloak)
rCorr  .         Reflect  .     (no gloves)
SustAt .         Harm     .     (no boots)
MR     .....                    (no amulet)
Stlth  ..........               (no ring)
                                o - ring of poison resistance

@: hasted, very quick, not resistant to hostile enchantments, extremely
unstealthy
A: no striking features
a: no special abilities


You were on level 4 of the Dungeon.
You were hungry.

You visited 1 branch of the dungeon, and saw 4 of its levels.

You collected 147 gold pieces.

Inventory:

Hand Weapons
 a - a +0 long sword (weapon)
 d - a +0 spear
Armour
 c - a +0 shield (worn)
 p - a cursed +0 chain mail (worn)
Jewellery
 b - an uncursed amulet of faith {unknown}
 m - an uncursed ring of protection from cold {unknown}
 o - a ring of poison resistance (left hand)
 r - a cursed ring of loudness {unknown}
Scrolls
 e - 5 scrolls of identify {unknown}
 g - a scroll of fog {unknown}
 i - 3 scrolls of teleportation {unknown}
 j - 5 scrolls of remove curse {unknown}
 l - a scroll of recharging {unknown}
 n - a scroll of enchant weapon {unknown}
 q - a scroll of enchant armour {unknown}
Potions
 h - a potion of beneficial mutation {unknown}
Comestibles
 f - 5 bread rations


   Skills:
 + Level 4.7 Fighting
 - Level 3.5 Long Blades
 + Level 0.0 Polearms
 + Level 4.5 Armour
 + Level 4.7 Shields


You had 4 spell levels left.
You didn't know any spells.

Dungeon Overview and Level Annotations

Branches:
Dungeon (4/15)
 Temple: D:4-7

Altars:
Gozag
Nemelex Xobeh
Qazlal

Annotations:
D:4 Grinder; ThereIsNoGod's ghost, amateur DgIE


Message History

* * * LOW HITPOINT WARNING * * *
You are too injured to fight recklessly!
You are too injured to fight recklessly!
You are too injured to fight recklessly!
You are too injured to fight recklessly!
You are too injured to fight recklessly!
You are too injured to fight recklessly!
You are too injured to fight recklessly!
You are too injured to fight recklessly!
You are too injured to fight recklessly!
You are too injured to fight recklessly!
You are too injured to fight recklessly!
You are too injured to fight recklessly!
You are too injured to fight recklessly!
You are too injured to fight recklessly!
Drink which item? (? for menu, Esc to quit)
You feel yourself speed up.
ThereIsNoGod's ghost gestures at you while chanting.
The puff of frost hits you!
You die...

...### #....#.#.#.##.#
...########..............
.>....<...≈≈.≈≈....#.....
..........≈#'#≈..........
..........≈#_#≈#.........
#.........≈#'#≈.....###..
#.........≈≈.≈≈#§##.# .
#.........#..###W# ..#
#.........#.####@# #..#
...............#.# ..#
.########.#....[....#
<...#.######.# ##..#.#
.... . ...#. # ##.#/. #.#
.#


You could see ThereIsNoGod's ghost.

Vanquished Creatures
  An orc wizard (D:3)
  4 gnolls (D:2)
  5 adders
  An ooze (D:2)
  4 worms (D:2)
  4 dart slugs
  4 giant geckos
  5 orcs (D:3)
  2 giant cockroaches (D:3)
  8 goblins
  9 hobgoblins
  4 jackals (D:2)
  A quokka (D:3)
  7 bats
  6 giant newts
  7 kobolds
  9 rats
81 creatures vanquished.

Notes
Turn   | Place    | Note
--------------------------------------------------------------
     0 | D:1      | Inkary the Hill Orc Fighter began the quest for the Orb.
     0 | D:1      | Reached XP level 1. HP: 19/19 MP: 1/1
   195 | D:1      | Reached XP level 2. HP: 24/27 MP: 2/2
   366 | D:1      | Found a sparkling altar of Nemelex Xobeh.
   697 | D:1      | Reached XP level 3. HP: 30/33 MP: 3/3
   894 | D:2      | Reached XP level 4. HP: 8/40 MP: 4/4
  1335 | D:2      | Found a stormy altar of Qazlal.
  1667 | D:2      | Reached XP level 5. HP: 25/47 MP: 5/5
  3044 | D:4      | Noticed ThereIsNoGod's ghost (amateur DgIE)
  3068 | D:4      | Found an opulent altar of Gozag.
  3074 | D:4      | Noticed Grinder
  3095 | D:4      | Killed from afar by ThereIsNoGod's ghost

Skill      XL: |  1  2  3  4 |
---------------+-------------+-----
Fighting       | 4 |  4.7
Shields        | 4 |  4.7
Armour         | 4 |  4.5
Long Blades    | 3 |  3.5

Action                   |  1- 3 |  4- 6 || total
-------------------------+-------+-------++-------
Melee: Long sword        |    98 |   224 ||   322
       Spear             |       |    20 ||    20
  Use: Potion            |       |     4 ||     4
  Eat: Chunk             |       |     7 ||     7
Armor: Scale mail        |    32 |    55 ||    87
       Chain mail        |       |    96 ||    96
Dodge: Dodged            |    31 |    85 ||   116
Block: Shield            |    62 |   142 ||   204
